 Seeded DCSS version 0.30.1-5-ged363bc7ee (webtiles) character file.

Game seed: 15113689061260748900 (custom seed)

49 Psyclone the Chiller (level 3, -1/19 HPs)
             Began as a Deep Elf Ice Elementalist on Sept 20, 2023.
             Slain by a kobold
             ... wielding the +8 trident of Calamity {pain, Fragile rC++ rCorr Stlth+}
              (8 damage)
             ... on level 2 of the Dungeon.
             The game lasted 00:02:58 (1142 turns).

Psyclone the Chiller (Deep Elf Ice Elementalist)    Turns: 1142, Time: 00:02:58

Health: -1/19      AC:  2    Str:  5    XL:     3   Next: 53%
Magic:  5/9        EV: 12    Int: 21    God:
Gold:   105        SH:  0    Dex: 15    Spells: 7/8 levels left

rFire   . . .        a - +0 short sword (flame)
rCold   . . .        (no shield)
rNeg    . . .        e - +0 robe
rPois   +            (no helmet)
rElec   .            (no cloak)
rCorr   .            (no gloves)
SInv    .            (no boots)
Will    +....        (no amulet)
Stlth   ++           f - ring of poison resistance
HPRegen 0.23/turn    g - ring of willpower
MPRegen 0.11/turn

%: no passive effects
@: no status effects
A: no striking features
a: no special abilities


You were on level 2 of the Dungeon.
You visited 1 branch of the dungeon, and saw 2 of its levels.

You collected 105 gold pieces.

Inventory:

Hand Weapons
 a - a +0 short sword of flaming (weapon)
Armour
 e - a +0 robe (worn)
Jewellery
 f - a ring of poison resistance (left hand)
 g - a ring of willpower (right hand)
 i - a ring of flight
Scrolls
 d - a scroll of brand weapon {unknown}
 h - a scroll of noise {unknown}
 j - a scroll of teleportation {unknown}
Potions
 b - a potion of magic
 c - a potion of ambrosia {unknown}
 k - a potion of haste {unknown}
 l - a potion of cancellation {unknown}


   Skills:
 - Level 2.4 Dodging
 - Level 2.4 Stealth
 - Level 3.0 Spellcasting
 + Level 5.9 Ice Magic


You had 7 spell levels left.
You knew the following spells:

 Your Spells              Type           Power      Damage    Failure   Level
a - Freeze                Ice            100%       1d10      1%          1

Your spell library contained the following spells:

 Spells                   Type           Power      Damage    Failure   Level
 Frozen Ramparts          Ice            54%        1d9       3%          3
 Ozocubu's Armour         Ice            27%        N/A       3%          3
 Blink                    Tloc           6%         N/A       21%         2
 Lesser Beckoning         Tloc           6%         N/A       21%         2
 Momentum Strike          Conj/Tloc      6%         3d8       21%         2
 Summon Ice Beast         Ice/Summ       15%        N/A       36%         4


Dungeon Overview and Level Annotations

Branches:
Dungeon (2/15) Zot: 10859

Altars:


Message History

The kobold shouts!
MP restored: 9 You see here an adder corpse.
You start waiting.
A kobold is nearby!
Casting: Freeze (safe; 1% risk of failure)
Confirm with . or Enter, or press ? or * to list all spells.
Aiming: Freeze (safe; 1% risk of failure)
Press: ? - help, Shift-Dir - straight line, f - kobold
Aim: a kobold, wielding the +8 trident of Calamity {pain, Fragile rC++ rCorr Stlth+}, wearing a +1 ring mail of fire resistance and quivering boomerangs You freeze the kobold but do no damage.
The kobold completely resists.
The kobold closely misses you.
You now have 8/9 mp.
Casting: Freeze (safe; 1% risk of failure)
Confirm with . or Enter, or press ? or * to list all spells.
Aiming: Freeze (safe; 1% risk of failure)
Press: ? - help, Shift-Dir - straight line, f/p - kobold
Aim: a kobold, wielding the +8 trident of Calamity {pain, Fragile rC++ rCorr Stlth+}, wearing a +1 ring mail of fire resistance and quivering boomerangs You freeze the kobold.
The kobold resists.
The kobold is moderately wounded.
The kobold hits you with the +8 trident of Calamity {pain, Fragile rC++ rCorr Stlth+}!
Ouch! That really hurt!
You take 13 damage, and have 6/19 hp.
MASSIVE DAMAGE!!
You now have 7/9 mp.
Casting: Freeze (safe; 1% risk of failure)
Confirm with . or Enter, or press ? or * to list all spells.
Aiming: Freeze (safe; 1% risk of failure)
Press: ? - help, Shift-Dir - straight line, f/p - kobold
Aim: a kobold, wielding the +8 trident of Calamity {pain, Fragile rC++ rCorr Stlth+}, wearing a +1 ring mail of fire resistance and quivering boomerangs (moderately wounded)
You freeze the kobold but do no damage.
The kobold completely resists.
The kobold closely misses you.
You now have 6/9 mp.
Casting: Freeze (safe; 1% risk of failure)
Confirm with . or Enter, or press ? or * to list all spells.
Aiming: Freeze (safe; 1% risk of failure)
Press: ? - help, Shift-Dir - straight line, f/p - kobold
Aim: a kobold, wielding the +8 trident of Calamity {pain, Fragile rC++ rCorr Stlth+}, wearing a +1 ring mail of fire resistance and quivering boomerangs (moderately wounded)
You freeze the kobold.
The kobold resists.
The kobold is heavily wounded.
The kobold hits you with the +8 trident of Calamity {pain, Fragile rC++ rCorr Stlth+}!
You die...

........'.............#
........########.######
..................#
........#######...#
.....<... ......#.#
.......#. .#....#.#
....... . ......#.#
.###.. #.#.####.## #K
#......@..# #.
#.######K.# #..##.#
#.....### #..#..
#.#.....#
#....####.....#.#
#$?.K.........#.#
.......######.##.# #
......> ....... $......
.#......#


You could see a kobold.

Vanquished Creatures
  An adder (D:2)
  A worm (D:2)
  A dart slug (D:1)
  5 ball pythons (D:1)
  5 endoplasms (D:1)
  3 giant cockroaches (D:1)
  3 goblins (D:1)
  2 jackals (D:1)
  4 kobolds
  4 bats (D:1)
  2 frilled lizards
  4 rats
35 creatures vanquished.

Notes
Turn   | Place    | Note
-------+----------+-------------------------------------------
     0 | D:1      | Psyclone the Deep Elf Ice Elementalist began the quest for
                  | the Orb.
     0 | D:1      | Reached XP level 1. HP: 10/10 MP: 6/6
   108 | D:1      | Reached XP level 2. HP: 9/15 MP: 2/8
   203 | D:1      | Reached skill level 5 in Ice Magic
   520 | D:1      | Reached XP level 3. HP: 19/19 MP: 7/9
  1122 | D:2      | Identified the +8 trident of Calamity {pain, Fragile rC++
                  | rCorr Stlth+}
  1142 | D:2      | Slain by a kobold

Illustrated notes

Levels and vault maps discovered:
D:1:      dpeg_arrival_erosion, layout_basic
D:2:      layout_basic, basic_altar, dreamdust_ecumenical_altar_statues,
          serial_shops, nicolae_shop_window_shopping

Skill      XL: |  1  2 |
---------------+-------+-----
Ice Magic      | 5 |  5.9
Dodging        | |  2.4
Stealth        | |  2.4
Spellcasting   | |  3.0

Action                     || total
---------------------------++-------
  Melee: Short sword       ||    28
         Dagger            ||     3
         Punch             ||     1
   Cast: Freeze            ||    41
   Stab: Sleeping          ||     4
 Armour: Robe              ||    13
  Dodge: Dodged            ||    43
